 Dungeon Crawl Stone Soup version 0.17-a0-1497-g03599f7 (console) character file.

378 Monkaria the Bolt Thrower (level 7, -8/43 HPs)
             Began as a Kobold Hunter on July 6, 2015.
             Mangled by an orc priest
             ... wielding a +0 mace
              (9 damage)
             ... on level 4 of the Dungeon.
             The game lasted 00:08:18 (4298 turns).

Monkaria the Bolt Thrower (Kobold Hunter)           Turns: 4298, Time: 00:08:18

Health: -8/43      AC:  3    Str: 18    XL:     7   Next: 4%
Magic:  7/7        EV: 15    Int:  9    God:
Gold:   68         SH:  0    Dex: 16    Spells: 0 memorised, 6 levels left

rFire  . . .     SeeInvis .     t - +4 dagger (freeze)
rCold  . . .     Clarity  .     d - +0 leather armour
rNeg   . . .     SustAt   .     (shield restricted)
rPois  .         Gourm    .     (no helmet)
rElec  .         Spirit   .     (no cloak)
rCorr  .         Warding  .     (no gloves)
rMut   .         Stasis   .     (no boots)
MR     .....                    (no amulet)
Stlth  ++........               (no ring)
                                B - ring of flight

@: mighty, not resistant to hostile enchantments, unstealthy
A: carnivore 3
a: Evoke Flight


You were on level 4 of the Dungeon.
You were completely stuffed.

You visited 1 branch of the dungeon, and saw 4 of its levels.

You collected 247 gold pieces.
You spent 179 gold pieces at shops.

Inventory:

Hand weapons
 a - a +1 hand crossbow
 t - a +4 dagger of freezing (weapon)
 x - a +0 blowgun
 y - a +0 short sword of holy wrath
Missiles
 b - 25 bolts
 p - 55 poisoned needles
 z - 3 tomahawks (quivered)
Armour
 d - a +0 leather armour (worn)
 w - a +0 buckler
Jewellery
 h - an uncursed ring of teleportation
 B - a ring of flight (left hand)
Scrolls
 c - a scroll of remove curse
 j - a scroll of recharging {unknown}
 k - 2 scrolls of random uselessness {unknown}
 n - a scroll of fear {unknown}
 o - a scroll of identify
 q - 2 scrolls of enchant armour {unknown}
 D - a scroll of summoning {unknown}
Potions
 g - a potion of haste
 i - a potion of magic
 l - a potion of cancellation
 m - a potion of invisibility
 r - 3 potions of lignification
 u - a potion of mutation
 v - a potion of brilliance
Comestibles
 e - 5 meat rations
 f - a beef jerky
 s - a slice of pizza


   Skills:
 - Level 4.1 Fighting
 + Level 5.5 Short Blades
 - Level 6.6 Crossbows
 - Level 2.4 Dodging
 - Level 1.3 Stealth


You had 6 spell levels left.
You didn't know any spells.

Dungeon Overview and Level Annotations

Branches:
Dungeon (4/15)
 Temple: D:4-7

Altars:
Nemelex Xobeh
Qazlal
The Shining One

Shops:
D:4 *


Innate Abilities, Weirdness & Mutations

You are small and have problems with some larger weapons.
You are carnivorous and can eat meat at any time.


Message History

You hit the orc priest. You freeze the orc priest.
The orc priest is heavily wounded.
The orc priest hits you with a mace.
You hit the orc priest but do no damage.
The orc priest is heavily wounded.
Unknown command.
You hit the orc priest but do no damage.
The orc priest is heavily wounded.
The orc priest calls down the wrath of Beogh upon you.
Pain shoots through your body!
* * * LOW HITPOINT WARNING * * *
Unknown command.
Drink which item? (? for menu, Esc to quit)
You can't drink that!
Unknown command.
Drink which item? (? for menu, Esc to quit)
It was a potion of might.
You feel very mighty all of a sudden. The orc priest hits you with a mace!
You die...

###..........######
............).))..
###...........######
#....###............
#.
#.........#..#######
#[ #....)###.##.## #..
#. #.....#
#.....####+# #.
#..o..# #......#....
#. #..@..#
#......#.... ######.
#.....# #......#....
.......##.....#
#.#....###.. #.......#
#.#....##... #.......#
#.#....##...
#.......###.####..#...
......†............#
##[#...
.##########.#.######
#...###
...#.########...###


You could see an orc priest.

Vanquished Creatures
  A centaur skeleton (D:4)
  2 iguanas (D:4)
  A gnoll shaman (D:2)
  An orc wizard (D:4)
  2 worker ants
  6 gnolls
  5 adders
  2 worms
  7 orcs (D:4)
  2 ball pythons
  10 bats
  5 giant cockroaches
  9 goblins
  10 hobgoblins
  5 jackals
  8 kobolds
  3 quokkas
  3 giant newts
  4 rats
86 creatures vanquished.

Notes
Turn   | Place    | Note
--------------------------------------------------------------
     0 | D:1      | Monkaria the Kobold Hunter began the quest for the Orb.
     0 | D:1      | Reached XP level 1. HP: 12/12 MP: 1/1
    15 | D:1      | Reached skill level 5 in Crossbows
    78 | D:1      | Reached XP level 2. HP: 17/17 MP: 2/2
   237 | D:1      | Reached XP level 3. HP: 16/21 MP: 3/3
   642 | D:2      | Reached skill level 6 in Crossbows
   680 | D:2      | Reached XP level 4. HP: 4/26 MP: 4/4
  1032 | D:2      | Reached skill level 1 in Short Blades
  1142 | D:2      | Found a sparkling altar of Nemelex Xobeh.
  1374 | D:2      | Found a stormy altar of Qazlal.
  1693 | D:2      | Reached XP level 5. HP: 30/30 MP: 5/5
  1719 | D:2      | Found a glowing golden altar of the Shining One.
  3153 | D:2      | Reached XP level 6. HP: 27/38 MP: 6/6
  3649 | D:4      | Found Cotil's Assorted Antiques.
  3656 | D:4      | Bought a peridot ring for 130 gold pieces
  3656 | D:4      | Bought a viscous golden potion for 23 gold pieces
  3656 | D:4      | Bought a scroll labeled UTECECV QIORO for 26 gold pieces
  3800 | D:4      | Reached skill level 5 in Short Blades
  4123 | D:4      | Reached XP level 7. HP: 22/43 MP: 7/7
  4297 | D:4      | HP: 1/43 [orc priest/nerve-wracking pain (14)]
  4298 | D:4      | Mangled by an orc priest

Vault maps used:
D:1:      tarquinn_simple_flora_water_f, st_stairs_13
D:2:      nicolae_qazlal_eye_of_the_storm, nicolae_tso_swordbearing_angel,
          first_bread, nemelex_xobeh_ov_fountains_minmay
D:3:      saegor_snake_ambush
D:4:      serial_shops, nicolae_shop_overgrown_old_shop

Action                   |  1- 3 |  4- 6 |  7- 9 || total
-------------------------+-------+-------+-------++-------
Melee: Short sword       |    42 |       |       ||    42
       Dagger            |       |   153 |    13 ||   166
 Fire: Hand crossbow     |    44 |    23 |       ||    67
  Use: Scroll            |     2 |     6 |       ||     8
       Potion            |       |     4 |     1 ||     5
 Stab: Sleeping          |       |     9 |       ||     9
  Eat: Chunk             |       |    18 |     1 ||    19
